 Dungeon Crawl Stone Soup version 0.31.0-32-g396128a36d (webtiles) character file.

Game seed: 12148072749374253177

123 BoneyBoi1234 the Shield-Bearer (level 5, -1/42 HPs)
             Began as a Formicid Fighter on Mar 28, 2024.
             Slain by an ogre
             ... wielding a +0 giant club
              (12 damage)
             ... on level 3 of the Dungeon.
             The game lasted 00:04:02 (2019 turns).

BoneyBoi1234 the Shield-Bearer (Formicid Fighter)   Turns: 2019, Time: 00:04:02

Health: -1/42      AC: 11    Str: 23    XL:     5   Next: 28%
Magic:  5/5        EV:  9    Int: 13    God:
Gold:   42         SH:  0    Dex: 13    Spells: 4/4 levels left

rFire   . . .        a - +0 flail
rCold   . . .        c - +0 buckler
rNeg    . . .        b - +0 scale mail
rPois   .            (helmet unavailable)
rElec   .            (no cloak)
rCorr   .            (no gloves)
SInv    +            (no boots)
Will    .....        r - amulet of the acrobat Stlth
                     e - +6 ring of intelligence
HPRegen 0.27/turn    g - +4 ring of protection
MPRegen 0.09/turn

%: acrobat
@: confused, ambrosia-drunk
A: permanent stasis, dig shafts and tunnels, antennae 3, four strong arms
a: Dig, Shaft Self


You were on level 3 of the Dungeon.
You visited 1 branch of the dungeon, and saw 3 of its levels.

You collected 122 gold pieces.
You spent 80 gold pieces at shops.

Inventory:

Hand Weapons
 a - a +0 flail (weapon)
Armour
 b - a +0 scale mail (worn)
 c - a +0 buckler (worn)
Jewellery
 e - a +6 ring of intelligence (left hand)
 g - a +4 ring of protection (right hand)
 i - a ring of flight
 r - an amulet of the acrobat (around neck)
Scrolls
 f - a scroll of fog
 l - a scroll of blinking
 n - a scroll of amnesia {unknown}
 o - a scroll of noise {unknown}
 p - a scroll of teleportation {unknown}
 q - a scroll of identify
 s - a scroll of immolation {unknown}
Potions
 d - a potion of might
 j - 2 potions of cancellation {unknown}
 k - a potion of curing {unknown}
 m - 2 potions of degeneration
 t - a potion of mutation {unknown}
 u - a potion of enlightenment {unknown}


   Skills:
 + Level 4.2 Fighting
 + Level 3.1 Maces & Flails
 + Level 4.1 Armour
 + Level 5.0 Shields


You had 4 spell levels left.
You didn't know any spells.
Your spell library contained the following spells:

 Spells                   Type           Power      Damage    Failure   Level
 Apportation              Tloc           0%         N/A       65%         1
 Necrotise                Necr           0%         1d4       65%         1
 Sting                    Conj/Alch      0%         1d3       65%         1
 Summon Small Mammal      Summ           0%         N/A       65%         1


Dungeon Overview and Level Annotations

Branches:
Dungeon (3/15)

Altars:

Shops:
D:1 *   D:2 =   D:3 *


Innate Abilities, Weirdness & Mutations

You cannot be hasted, slowed, berserked, paralysed or teleported.
You can dig through walls and to a lower floor.
You have a pair of large antennae on your head. (SInv)
Your four strong arms can wield two-handed weapons with a shield.


Message History

You hit the quokka.
The quokka is heavily wounded.
The quokka barely misses you.
The quokka bites you but does no damage.
You sock the quokka!
You kill the quokka!
Found 12 gold pieces.
You see here a +0 club.
Found a stone staircase leading down.
Found a stone staircase leading up.
Found a war axe and a short sword.
You now have 42 gold pieces (gained 12).
t - a puce potion You see here a +0 short sword.
u - a lumpy clear potion You sense a monster nearby.
No target in view!
No target in view!
No target in view!
An ogre comes into view. It is wielding a +0 giant club.
The ogre shouts!
The ogre moves out of view.
No target in view!
No target in view!
No target in view!
The ogre hits you with a +0 giant club!
You thump the ogre!
The ogre is moderately wounded.
You block the ogre's attack.
You closely miss the ogre.
The ogre is moderately wounded.
The ogre hits you with a +0 giant club!!
Ouch! That really hurt!
* * * LOW HITPOINT WARNING * * *
You are confused.
You feel invigorated.
You closely miss the ogre.
The ogre is moderately wounded.
The ogre hits you with a +0 giant club!
You die...

######### #.......#
#.......#
##.......#
######........#
#.@...........#
#.O#####.......#
....# #.........#
##### ##.#.......#
##..#...#####
..#########..)...##
#...........<....#
###.............##
#.............#


You could see an ogre.

Vanquished Creatures
  An orc priest (D:3)
  2 adders (D:2)
  5 orcs
  3 ball pythons
  5 endoplasms
  2 giant cockroaches (D:2)
  7 goblins
  9 hobgoblins
  8 jackals
  6 kobolds
  2 quokkas
  8 bats
  2 frilled lizards
  4 rats
64 creatures vanquished.

Notes
Turn   | Place    | Note
-------+----------+-------------------------------------------
     0 | D:1      | BoneyBoi1234 the Formicid Fighter began the quest for the
                  | Orb.
     0 | D:1      | Reached XP level 1. HP: 18/18 MP: 1/1
    92 | D:1      | Reached XP level 2. HP: 23/24 MP: 2/2
   330 | D:1      | Found Idupluuc's General Store.
   344 | D:1      | Reached XP level 3. HP: 29/29 MP: 3/3
  1007 | D:2      | Reached XP level 4. HP: 36/37 MP: 4/4
  1026 | D:2      | Found a faded altar of an unknown god.
  1187 | D:2      | Found Nelyap's Jewellery Emporium.
  1828 | D:3      | Found Zufamn's Assorted Antiques.
  1867 | D:3      | Bought a thick diamond amulet for 80 gold pieces
  1907 | D:3      | Reached XP level 5. HP: 31/42 MP: 5/5
  1912 | D:3      | Reached skill level 5 in Shields
  2013 | D:3      | Noticed an ogre
  2017 | D:3      | HP: 2/42 [ogre/+0 giant club (26)]
  2019 | D:3      | Slain by an ogre

Illustrated notes

Levels and vault maps discovered:
D:1:      minmay_arrival_jagged, layout_loops_ring, serial_shops, shop
D:2:      minmay_alternating_diamond, layout_loops_corners,
          shapermc_ecumenical_altar_acropolis, serial_shops,
          nicolae_shop_tiny_glass
D:3:      layout_rooms, serial_shops, shop

Skill      XL: |  1  2  3  4  5 |
---------------+----------------+-----
Fighting       | 4 |  4.2
Armour         | 4 |  4.1
Maces & Flails | 3 |  3.1
Shields        | 5 |  5.0

Action                     |  1- 3 |  4- 6 || total
---------------------------+-------+-------++-------
  Melee: Flail             |   101 |    90 ||   191
    Use: Scroll            |       |     4 ||     4
         Potion            |       |     1 ||     1
 Armour: Scale mail        |    56 |    81 ||   137
  Dodge: Dodged            |    56 |    61 ||   117
  Block: Buckler           |    34 |    36 ||    70
